 Dungeon Crawl Stone Soup version 0.30-a0-125-g51eefa89be (webtiles) character file.

Game seed: 4649036296341840133

105427 AarnesTheHuman the Fighter (level 16, -4/104 HPs)
             Began as a Gargoyle Earth Elementalist on Sept 17, 2022.
             Was a High Priest of Vehumet.
             Killed from afar by an ironbound frostheart (25 damage)
             ... by creeping frost
             ... in an ice cave on Sept 18, 2022.
             The game lasted 01:54:45 (37246 turns).

AarnesTheHuman the Fighter (GrEE)                  Turns: 37246, Time: 01:54:46

Health: -4/104     AC: 24    Str: 14    XL:     16   Next: 41%
Magic:  24/31      EV: 10    Int: 22    God:    Vehumet [*****.]
Gold:   2328       SH: 15    Dex: 10    Spells: 10/37 levels left

rFire   + . .      SeeInvis .    a - +5 broad axe (elec)
rCold   + + .      Faith    .    d - +0 kite shield
rNeg    + . .      Spirit   .    K - +2 steam dragon scales
rPois   ∞          Reflect  +    q - +0 helmet
rElec   +          Harm     .    b - +0 cloak of Nid Angi {Rampage}
rCorr   .          Rampage  +    (no gloves)
Will    +....                    e - +0 pair of boots
Stlth   ++........               H - amulet of reflection
HPRegen 0.27/turn                W - ring of protection from cold
MPRegen 0.22/turn                I - ring of Yvex {Fly rF+ rC+}

@: frozen, flying, very slow
A: sickness immunity, AC +12, big wings, negative energy resistance 1,
electricity resistance, torment resistance 1, petrification resistance
a: Renounce Religion


You were in an ice cave.
You worshipped Vehumet.
Vehumet was extremely pleased with you.
You visited 3 branches of the dungeon, and saw 22 of its levels.
You also visited: Gauntlet and Ice Cave.

You collected 3996 gold pieces.
You spent 1668 gold pieces at shops.

Inventory:

Hand Weapons
 a - a +5 broad axe of electrocution (weapon)
Missiles
 r - 178 stones (quivered)
 x - 60 poisoned darts
Armour
 b - the +0 cloak of Nid Angi (worn) {Rampage}
   (You found it on level 13 of the Dungeon)

   Rampage:   It bestows one free step when moving towards enemies.
 d - a +0 kite shield (worn)
 e - a +0 pair of boots (worn)
 q - a +0 helmet (worn)
 z - a +3 ring mail of willpower
 D - a +0 buckler
 K - +2 steam dragon scales (worn)
 Y - the +0 cloak of Paranoia {rElec rF- rCorr Str+3}
   (You found it in a Gauntlet)

   Str:       It affects your strength (+3).
   rF:        It makes you vulnerable to fire.
   rElec:     It insulates you from electricity.
   rCorr:     It protects you from acid and corrosion.
Magical Staves
 E - a staff of poison
 J - a staff of death
 S - a staff of air
Jewellery
 g - a ring of ice
 v - a ring of willpower
 H - an amulet of reflection (around neck)
 I - the ring of Yvex (right hand) {Fly rF+ rC+}
   (You found it on level 7 of the Dungeon)

   [ring of flight]

   rF:        It protects you from fire.
   rC:        It protects you from cold.
   Fly:       It grants you flight.
 O - the ring "Xacohapn" {rElec rF+ Will+ SInv}
   (You acquired it on level 2 of the Orcish Mines)

   [ring of protection from fire]

   rF:        It protects you from fire.
   rElec:     It insulates you from electricity.
   SInv:      It lets you see invisible.
   Will:      It increases your willpower.
 W - a ring of protection from cold (left hand)
 X - a +6 ring of intelligence
Wands
 s - a wand of flame (20)
 t - a wand of paralysis (4)
 u - a wand of roots (34)
 R - a wand of light (5)
Scrolls
 m - 16 scrolls of teleportation
 o - 3 scrolls of butterflies
 p - 3 scrolls of fear
 y - 9 scrolls of vulnerability
 F - 8 scrolls of silence
 N - 2 scrolls of magic mapping
 P - 3 scrolls of poison
 Q - a scroll of amnesia
 T - a scroll of summoning
 U - a scroll of torment
 Z - 5 scrolls of blinking
Potions
 c - 8 potions of brilliance
 f - 2 potions of magic
 h - 3 potions of attraction
 i - 3 potions of cancellation
 j - a potion of invisibility
 k - 4 potions of haste
 l - 5 potions of curing
 n - 2 potions of heal wounds
 A - 4 potions of lignification
 B - 3 potions of might
 C - a potion of berserk rage
 G - 6 potions of mutation
 M - a potion of ambrosia


   Skills:
 + Level 13.4 Fighting
 + Level 13.3 Axes
 - Level 6.0 Armour
 - Level 1.5 Dodging
 - Level 2.1 Stealth
 - Level 9.5 Shields
 + Level 11.1 Spellcasting
 - Level 8.5 Conjurations
 - Level 6.0 Necromancy
 - Level 0.7 Transmutations
 + Level 11.0 Earth Magic
 - Level 8.9 Poison Magic


You had 10 spell levels left.
You knew the following spells:

 Your Spells              Type           Power      Damage    Failure   Level
a - Sandblast             Erth           100%       2d20      1%          1
b - Stone Arrow           Conj/Erth      100%       3d13      1%          3
c - Passwall              Tmut/Erth      31%        N/A       1%          2
d - Poisonous Vapours     Pois/Air       64%        N/A       1%          2
e - Mephitic Cloud        Conj/Pois/Air  37%        N/A       1%          3
f - Olgreb's Toxic Radia  Pois           51%        N/A       1%          4
g - Static Discharge      Conj/Air       60%        2-5/arc   1%          2
h - Borgnjor's Vile Clut  Necr/Erth      24%        N/A       11%         5
i - Freezing Cloud        Conj/Ice/Air   12%        6-21      26%         5

Your spell library contained the following spells:

 Spells                   Type           Power      Damage    Failure   Level
 Iskenderun's Battlesphe  Conj           49%        2d10      3%          5
 Magic Dart               Conj           100%       1d8       1%          1
 Shock                    Conj/Air       100%       1d9       1%          1
 Ignite Poison            Fire/Tmut/Pois 26%        N/A       2%          3
 Hailstorm                Conj/Ice       30%        3d8       6%          4
 Sticky Flame             Conj/Fire      30%        2d5       6%          4
 Kindle Blastsparks       Fire/Tloc/Air  24%        2d12      11%         3
 Animate Dead             Necr           38%        N/A       11%         4
 Petrify                  Tmut/Erth      38%        N/A       11%         4
 Summon Small Mammal      Summ           48%        N/A       12%         1
 Animate Armour           Summ/Erth      72%        N/A       13%         4
 Leda's Liquefaction      Hex/Erth       18%        N/A       13%         4
 Irradiate                Conj/Tmut      16%        3d17      13%         5
 Arcjolt                  Conj/Air       15%        1d25      16%         5
 Lightning Bolt           Conj/Air       15%        1d29      16%         5
 Blink                    Tloc           24%        N/A       19%         2
 Call Imp                 Summ           12%        N/A       19%         2
 Airstrike                Air            6%         2d(1-17)  30%         4
 Call Canine Familiar     Summ           12%        N/A       36%         3
 Portal Projectile        Hex/Tloc       24%        N/A       36%         3
 Summon Guardian Golem    Hex/Summ       12%        N/A       36%         3
 Ice Form                 Ice/Tmut       13%        N/A       71%         4
 Manifold Assault         Tloc           12%        N/A       77%         4
 Death Channel            Necr           19%        N/A       85%         6
 Lehudib's Crystal Spear  Conj/Erth      26%        10d7      96%         8
 Simulacrum               Ice/Necr       12%        N/A       99%         6
 Ozocubu's Refrigeration  Ice            6%         4d8       100%        7
 Storm Form               Tmut/Air       6%         N/A       100%        7
 Ignition                 Fire           6%         3d4       100%        8
 Maxwell's Capacitive Co  Air            6%         ∞         100%        8
 Cigotuvi's Dreadful Rot  Necr/Pois/Air  Unusable   N/A       N/A         2

Dungeon Overview and Level Annotations

Branches:
Dungeon (15/15)            Temple (0/1) D:7            Lair (5/5) D:11
  Swamp (0/4) Lair:2       Spider (0/4) Lair:3        Slime (0/5) Lair:5
    Orc (2/2) D:12            Elf (0/3) Orc:2        Vaults (0/5) D:13
  IceCv (1/1)             Gauntlet (visited)
 Depths: D:15

Altars:
Ashenzari
Fedhas
Gozag
Kikubaaqudgha
Makhleb
Qazlal
Ru
Uskayaw
Vehumet
Wu Jian
Xom
The Shining One

Shops:
D:2 (   D:7 (?   D:8 !   Orc:1 (   Orc:2 [(?*!

Portals:
Abyss: D:9

Annotations:
D:9 2 transporters, exclusion: downstairs, Sat's ghost, novice DsHu
D:13 1 runed translucent door, Mandevil's ghost, adept TrEE
Lair:4 1 runed translucent door, exclusions: door and downstairs, Engwar's ghost, journeyman FeSu
Orc:1 1 runed translucent door, exclusions: door and 3 downstairs, Loklulaf's ghost, journeyman DgGl


Innate Abilities, Weirdness & Mutations

You are immune to sickness and miasma.
Your stone body is resilient. (AC +12)
You are immune to poison.
Your large and strong wings let you fly.
You resist negative energy. (rN+)
You are resistant to electric shocks. (rElec)
You are resistant to unholy torment.
You are immune to petrification.


Message History

You barely miss the ironbound frostheart.
The ironbound frostheart is lightly wounded.
You hit the white draconian.
The white draconian looks as sick as possible!
The ice encasing you melts away.
The ironbound frostheart calls freezing cold from the walls.
The frost grips you! You partially resist.
You are encased in ice.
The white draconian breathes frost at you.
The blast of cold hits you! You resist.
You slash the ironbound frostheart!
The ironbound frostheart is heavily wounded.
You hit the white draconian but do no damage.
The ironbound frostheart looks as sick as possible!
You block the ironbound frostheart's attack.
You block the white draconian's attack.
You barely miss the ironbound frostheart.
The ironbound frostheart is heavily wounded.
You closely miss the white draconian.
The white draconian looks as sick as possible!
The ironbound frostheart looks as sick as possible!
The ice encasing you melts away. The ironbound frostheart touches you!
The ironbound frostheart freezes you! You resist.
You block the white draconian's attack.
You hit the ironbound frostheart.
The ironbound frostheart is severely wounded.
You closely miss the white draconian.
The white draconian looks as sick as possible!
Your toxic aura wanes.
The ironbound frostheart calls freezing cold from the walls.
The frost grips you!! You partially resist.
* * * LOW HITPOINT WARNING * * *
You are encased in ice.
The white draconian hits you but does no damage.
You hit the ironbound frostheart.
The ironbound frostheart is almost dead.
You closely miss the white draconian.
The ironbound frostheart calls freezing cold from the walls.
The frost grips you!! You partially resist.
You die...

# ##.†.## #...#
##.#.##.†### ##...#
##......#..# #...##
##..#####.###
##.÷.# #....#....#
#..## #.########
##.##
###...)#.####..####
##...#..☼§○#..##.#[
#.@####.§##§.##.#.#
#dp# #.☼##§§§.#..#.
#...##..###..#†##.#
.⌠.##...####.†#####
...####...####..##
###. ###...##...#
.# ##...##..# .
##......# ###...##


You could see a white draconian (extremely poisoned) and an ironbound frostheart
(extremely poisoned).

Vanquished Creatures
  A minotaur (Gauntlet)
  A fire dragon (Lair:5)
  Fannar (D:12)
  3 vault guards (D:13)
  6 centaur warriors
  2 ogre magi
  An anaconda (Lair:5)
  9 two-headed ogres
  6 hydras
  4 boulder beetles
  8 death yaks
  A shock serpent (shapeshifter) (D:13)
  Sonja (Orc:1)
  A fire crab (D:15)
  4 skeletal warriors
  2 deep trolls (Orc:2)
  A swamp dragon (Lair:5)
  The ghost of cheechan the Covert, a novice OpSu (D:7)
  5 wizards
  2 orc knights
  6 orc sorcerers
  10 cyclopes
  A deep elf zephyrmancer (D:15)
  3 deep elf pyromancers
  2 manticores
  11 ugly things
  6 elephants (Lair:5)
  A moth of wrath (Lair:4)
  7 black mambas
  A gargoyle (D:12)
  A minotaur zombie (Gauntlet)
  10 cane toads
  10 komodo dragons
  An unseen horror (D:13)
  A spectral unseen horror (D:7)
  An efreet (D:15)
  Psyche (D:9)
  13 rime drakes
  An unseen horror skeleton (D:7)
  19 polar bears
  9 trolls
  A tyrant leech (Lair:4)
  A hornet (D:10)
  2 raiju (Lair:5)
  19 blink frogs
  18 slime creatures
  4 dream sheep (Lair:4)
  45 yaks
  4 wraiths
  2 centaur simulacra (Gauntlet)
  3 vampires
  A hog (shapeshifter) (D:11)
  8 basilisks
  2 wyverns
  9 humans (D:13)
  A steam dragon (Lair:5)
  3 vampire mosquitoes (D:12)
  12 wargs
  A redback simulacrum (Gauntlet)
  A harpy simulacrum (Gauntlet)
  2 swamp worms (Lair:4)
  15 hell hounds
  10 water moccasins
  3 acid dragons
  3 swamp drakes (Lair:5)
  3 ice beasts
  22 orc warriors
  3 sky beasts
  14 black bears
  31 wolves
  21 ogres
  9 centaurs
  3 phantoms
  4 kobold brigands
  2 gnoll sergeants
  3 scorpions
  12 bullfrogs
  A necrophage (D:6)
  5 wights (D:9)
  9 killer bees
  3 howler monkeys
  7 electric eels (Lair:2)
  4 jellies
  10 orc priests
  3 hounds
  5 iguanas
  32 orc wizards
  6 hell rats (Lair:3)
  A spectral howler monkey (D:7)
  Robin (D:1)
  15 gnolls
  7 adders
  A shadow imp (Gauntlet)
  4 white imps
  2 ufetubi
  4 worms
  3 dart slugs
  73 orcs
  6 ball pythons
  5 bats
  9 endoplasms
  6 giant cockroaches
  14 goblins
  13 hobgoblins
  4 jackals (D:3)
  2 quokkas
  4 frilled lizards
  18 kobolds
  2 rats (D:1)
  A butterfly (Lair:2)
752 creatures vanquished.

Vanquished Creatures (collateral kills)
  An ogre (D:5)
  A killer bee (D:11)
2 creatures vanquished.

Vanquished Creatures (others)
  A kobold (D:10)
  27 fungi
  75 plants
  2 withered plants (Gauntlet)
105 creatures vanquished.

Grand Total: 859 creatures vanquished

Notes
Turn   | Place    | Note
-------+----------+-------------------------------------------
     0 | D:1      | AarnesTheHuman the Gargoyle Earth Elementalist began the
                  | quest for the Orb.
     0 | D:1      | Reached XP level 1. HP: 10/10 MP: 3/3
   463 | D:1      | Reached XP level 2. HP: 15/15 MP: 1/5
  1146 | D:2      | Found a faded altar of an unknown god.
  1257 | D:2      | Reached XP level 3. HP: 19/19 MP: 4/7
  1261 | D:2      | Learned a level 3 spell: Stone Arrow
  1264 | D:2      | Learned a level 2 spell: Passwall
  1603 | D:2      | Found Toufok's Weapon Emporium.
  1819 | D:2      | Noticed Robin
  1844 | D:1      | Killed Robin
  1845 | D:1      | Reached XP level 4. HP: 22/24 MP: 3/8
  1972 | D:2      | Reached skill level 5 in Earth Magic
  2316 | D:3      | Found a glowing golden altar of the Shining One.
  2377 | D:3      | Reached XP level 5. HP: 28/28 MP: 8/10
  3123 | D:4      | Noticed a steam dragon
  3195 | D:4      | Reached XP level 6. HP: 21/32 MP: 5/12
  3713 | D:4      | Reached skill level 5 in Spellcasting
  4045 | D:4      | Reached XP level 7. HP: 32/36 MP: 11/15
  4090 | D:5      | Entered Level 5 of the Dungeon
  4117 | D:4      | Found a hide-covered altar of Uskayaw.
  4208 | D:4      | Reached skill level 1 in Fighting
  4208 | D:4      | Reached skill level 1 in Armour
  4208 | D:4      | Reached skill level 1 in Conjurations
  4247 | D:4      | a steam dragon changed into a sky beast
  4335 | D:5      | Reached XP level 8. HP: 40/45 MP: 14/17
  4589 | D:5      | Found a radiant altar of Vehumet.
  4590 | D:5      | Found a sacrificial altar of Ru.
  4590 | D:5      | Found a stormy altar of Qazlal.
  4591 | D:5      | Found a blossoming altar of Fedhas.
  4597 | D:5      | Became a worshipper of Vehumet
  5352 | D:4      | Found an opulent altar of Gozag.
  5408 | D:6      | Identified a scroll of acquirement
  5408 | D:6      | Acquired a +3 broad axe of electrocution
  5495 | D:6      | Reached skill level 5 in Conjurations
  5495 | D:6      | Reached skill level 1 in Axes
  5667 | D:6      | Reached XP level 9. HP: 46/52 MP: 18/18
  6044 | D:6      | Reached * piety under Vehumet
  6044 | D:6      | Offered knowledge of Foxfire by Vehumet.
  6264 | D:6      | Found an ancient bone altar of Kikubaaqudgha.
  6576 | D:7      | Reached skill level 5 in Axes
  6643 | D:7      | Found a faded altar of an unknown god.
  6643 | D:7      | Found an ornate altar of the Wu Jian Council.
  6651 | D:7      | Found a faded altar of an unknown god.
  6653 | D:7      | Found a burning altar of Makhleb.
  6655 | D:7      | Found a broken altar of Ashenzari.
  6691 | D:7      | Found a runed translucent gate.
  6691 | D:7      | Found a runed translucent gate.
  6692 | D:7      | Found a runed translucent gate.
  6693 | D:7      | Noticed a spectral unseen horror
  6949 | D:7      | Reached skill level 1 in Shields
  7155 | D:7      | Found Jirojen's Weapon Shop.
  7187 | D:7      | Found Eddiezoff's Magic Scroll Shop.
  7248 | D:7      | Found a staircase to the Ecumenical Temple.
  7307 | D:7      | Identified the ring of Yvex {Fly rF+ rC+}
  7672 | D:7      | Noticed cheechan's ghost (novice OpSu)
  7721 | D:8      | Learned a level 2 spell: Poisonous Vapours
  7892 | D:8      | Reached skill level 1 in Poison Magic
  8060 | D:8      | Reached ** piety under Vehumet
  8076 | D:8      | Offered knowledge of Scorch by Vehumet.
  8428 | D:7      | Reached skill level 5 in Shields
  8428 | D:7      | Reached XP level 10. HP: 56/56 MP: 12/19
  8859 | D:8      | Found Uprytsiext's Distillery.
  8867 | D:8      | Bought a potion of haste for 120 gold pieces
  8867 | D:8      | Bought a potion of heal wounds for 60 gold pieces
  9701 | D:9      | Reached skill level 5 in Poison Magic
 10193 | D:9      | Found a transporter.
 10202 | D:9      | Noticed Sat's ghost (novice DsHu)
 10207 | D:9      | Noticed a mana viper
 10207 | D:9      | Noticed a glowing orange brain
 10211 | D:9      | Noticed an orb spider
 10213 | D:9      | Found a transporter.
 10225 | D:9      | Found a one-way gate to the infinite horrors of the Abyss.
 10642 | D:9      | Noticed Psyche
 10647 | D:9      | Killed Psyche
 10647 | D:9      | Offered knowledge of Mephitic Cloud by Vehumet.
 11005 | D:9      | Noticed an orb spider
 11075 | D:10     | Entered Level 10 of the Dungeon
 11076 | D:10     | Noticed a two-headed ogre
 11368 | D:10     | Killed a two-headed ogre
 11542 | D:10     | Reached XP level 11. HP: 60/60 MP: 12/20
 11773 | D:10     | Learned a level 3 spell: Mephitic Cloud
 11896 | D:10     | Reached *** piety under Vehumet
 12401 | D:11     | Noticed a cyan ugly thing
 12412 | D:11     | Killed a cyan ugly thing
 12578 | D:11     | Offered knowledge of Olgreb's Toxic Radiance by Vehumet.
 13030 | D:11     | Noticed a centaur warrior
 13038 | D:11     | Killed a centaur warrior
 13060 | D:11     | Learned a level 4 spell: Olgreb's Toxic Radiance
 13253 | D:11     | Found a staircase to the Lair.
 13559 | D:11     | Noticed a wizard
 13564 | D:11     | Killed a wizard
 13701 | Lair:1   | Entered Level 1 of the Lair of Beasts
 14407 | Lair:1   | Reached skill level 10 in Axes
 14729 | Lair:1   | Reached XP level 12. HP: 61/67 MP: 15/21
 15006 | Lair:1   | Reached skill level 5 in Fighting
 15007 | Lair:1   | Reached **** piety under Vehumet
 15368 | Lair:2   | Offered knowledge of Dazzling Flash by Vehumet.
 15675 | Lair:2   | Found a staircase to the Swamp.
 16367 | Lair:2   | Noticed a five-headed hydra
 16371 | Lair:2   | Killed a five-headed hydra
 17154 | Lair:2   | Upgraded the game from 0.30-a0-122-g2a1322497e to
                  | 0.30-a0-125-g51eefa89be
 17235 | Lair:3   | Found a hole to the Spider Nest.
 17256 | Lair:3   | Noticed a death yak
 17256 | Lair:3   | Noticed a death yak
 17260 | Lair:3   | Noticed a death yak
 17270 | Lair:3   | Killed a death yak
 17272 | Lair:3   | Killed a death yak
 17275 | Lair:3   | Killed a death yak
 17850 | Lair:3   | Reached XP level 13. HP: 76/80 MP: 10/22
 17951 | Lair:3   | Identified the +7 long sword "Huxkih" {speed, +Blink Will-
                  | Int+4}
 18522 | Lair:3   | Reached skill level 10 in Fighting
 19129 | Lair:4   | Acquired 327 gold pieces
 19248 | Lair:4   | Reached ***** piety under Vehumet
 19415 | Lair:3   | Learned a level 2 spell: Static Discharge
 20007 | Lair:4   | Offered knowledge of Irradiate by Vehumet.
 20457 | Lair:4   | Found a runed translucent door.
 20458 | Lair:4   | Found a shimmering altar of Xom.
 20458 | Lair:4   | Noticed Engwar's ghost (journeyman FeSu)
 21157 | Lair:4   | Identified the +8 quarterstaff of Green Offence {chaos,
                  | Fragile Int+7}
 21234 | Lair:5   | Entered Level 5 of the Lair of Beasts
 22396 | D:12     | Found a staircase to the Orcish Mines.
 22454 | D:12     | Found a gate leading to a gauntlet.
 22459 | Gauntlet | Entered a Gauntlet
 22459 | Gauntlet | Found a transporter.
 22459 | Gauntlet | Found a transporter.
 22509 | Gauntlet | Found a transporter.
 22509 | Gauntlet | Found a transporter.
 22511 | Gauntlet | Noticed an entropy weaver
 22519 | Gauntlet | Found a transporter.
 22529 | Gauntlet | Found a transporter.
 22532 | Gauntlet | Found a transporter.
 22553 | Gauntlet | Found a transporter.
 22562 | Gauntlet | Found a transporter.
 22576 | Gauntlet | Found a transporter.
 22594 | Gauntlet | Found a transporter.
 22616 | Gauntlet | Found a transporter.
 22662 | Gauntlet | Found a transporter.
 22681 | Gauntlet | Noticed a balrug
 22683 | Gauntlet | Found a transporter.
 22783 | Gauntlet | Found a transporter.
 22798 | Gauntlet | Found a transporter.
 22998 | Gauntlet | Gained mutation: Your large and strong wings let you fly.
                  | [Gargoyle growth]
 22998 | Gauntlet | Reached XP level 14. HP: 88/88 MP: 24/24
 23012 | Gauntlet | Identified the +0 cloak of Paranoia {rElec rF- rCorr Str+3}
 23055 | Gauntlet | Identified the +5 pair of gloves of Upynk {Harm Drain
                  | Str+4}
 23159 | Gauntlet | Got the Teachings on the Hazy Figure
 23159 | Gauntlet | Got Buabajey's Volume of Coordinates and the Storm
 23544 | Orc:1    | Entered Level 1 of the Orcish Mines
 23547 | Orc:1    | Noticed Sonja
 23553 | Orc:1    | Noticed Fannar
 23568 | D:12     | Killed Fannar
 23672 | Orc:1    | Killed Sonja
 24254 | Orc:1    | Found Kyotz's Antique Weapon Shoppe.
 24640 | Orc:1    | Noticed Loklulaf's ghost (journeyman DgGl)
 24642 | Orc:1    | Found a runed translucent door.
 24836 | Orc:2    | Entered Level 2 of the Orcish Mines
 24962 | Orc:2    | Offered knowledge of Freezing Cloud by Vehumet.
 25033 | Orc:2    | Found Amuaggoh's General Store.
 25357 | Orc:2    | Found a staircase to the Elven Halls.
 26265 | Orc:1    | Reached skill level 5 in Armour
 26356 | Orc:2    | Learned a level 5 spell: Borgnjor's Vile Clutch
 26652 | Orc:1    | Reached skill level 1 in Necromancy
 26908 | Orc:1    | Learned a level 5 spell: Freezing Cloud
 27275 | Orc:2    | Found Cavod's Distillery.
 27343 | Orc:2    | Found Jueqaaso's Magic Scroll Boutique.
 27363 | Orc:2    | Found Ligij's Antique Weapon Emporium.
 27364 | Orc:2    | Found Baithesi's Armour Emporium.
 27716 | Orc:2    | Bought a scroll of acquirement for 832 gold pieces
 27716 | Orc:2    | Acquired 1112 gold pieces
 27718 | Orc:2    | Acquired the ring "Xacohapn" {rElec rF+ Will+ SInv}
 27722 | Orc:2    | Bought a scroll of blinking for 120 gold pieces
 27722 | Orc:2    | Bought a scroll of teleportation for 48 gold pieces
 27722 | Orc:2    | Bought a scroll of teleportation for 48 gold pieces
 27722 | Orc:2    | Bought a scroll of identify for 32 gold pieces
 27735 | Orc:2    | Bought a potion of heal wounds for 70 gold pieces
 27735 | Orc:2    | Bought a potion of curing for 42 gold pieces
 27861 | D:8      | Bought a potion of heal wounds for 60 gold pieces
 27861 | D:8      | Bought a potion of invisibility for 96 gold pieces
 27917 | D:7      | Found a runed translucent gate.
 27918 | D:7      | Found a runed translucent gate.
 27918 | D:7      | Found a runed translucent gate.
 27936 | D:7      | Killed cheechan's ghost
 28015 | D:7      | Found a faded altar of an unknown god.
 28015 | D:7      | Found an ornate altar of the Wu Jian Council.
 28023 | D:7      | Found a faded altar of an unknown god.
 28025 | D:7      | Found a burning altar of Makhleb.
 28027 | D:7      | Found a broken altar of Ashenzari.
 28055 | D:7      | Found a staircase to the Ecumenical Temple.
 28257 | D:7      | Found Eddiezoff's Magic Scroll Shop.
 28262 | D:7      | Found Jirojen's Weapon Shop.
 28594 | D:7      | Bought a scroll of teleportation for 42 gold pieces
 28594 | D:7      | Bought a scroll of teleportation for 42 gold pieces
 28594 | D:7      | Bought a scroll of fear for 56 gold pieces
 28791 | Lair:5   | Reached XP level 15. HP: 87/94 MP: 18/28
 29335 | Lair:5   | Found a staircase to the Slime Pits.
 29695 | Lair:5   | Reached skill level 10 in Earth Magic
 30798 | Lair:5   | Identified the +1 ring mail "Ferupag" {rN++}
 31115 | Lair:5   | Offered knowledge of Iron Shot by Vehumet.
 31194 | Lair:5   | Reached skill level 5 in Necromancy
 32826 | D:13     | Noticed Mandevil's ghost (adept TrEE)
 32833 | D:13     | Found a runed translucent door.
 33173 | D:13     | Identified the +0 cloak of Nid Angi {Rampage}
 33196 | D:13     | Reached skill level 10 in Spellcasting
 33962 | D:13     | HP: 1/97 [vault guard/+0 great mace (20)]
 33972 | D:13     | HP: 3/97 [vault guard/+0 great mace (15)]
 34424 | D:13     | Found a gate to the Vaults.
 35028 | D:14     | Offered knowledge of Iskenderun's Battlesphere by Vehumet.
 35272 | D:14     | Reached XP level 16. HP: 104/104 MP: 25/30
 36473 | D:15     | Entered Level 15 of the Dungeon
 36826 | D:15     | Found a frozen archway.
 36837 | IceCv    | Entered an ice cave
 37246 | IceCv    | Killed from afar by an ironbound frostheart

Illustrated notes

Levels and vault maps discovered:
D:1:      dpeg_arrival_boxorama, layout_basic
D:2:      kennysheep_six_static_rooms, layout_loops_ring, serial_shops,
          nicolae_shop_bloodbath_and_beyond, nicolae_ecumenical_pavilion,
          uniq_crazy_yiuf_cottage, uniq_robin
D:3:      layout_rooms, lemuel_round_altar, kennysheep_path_1,
          hangedman_glass_teeth
D:4:      layout_rooms, nicolae_uskayaw_suspiria, general_overflow_altar,
          grunt_decor_cap
D:5:      layout_rooms, chequers_temple_overflow_statue_of_worship
D:6:      layout_gridville, kiku_gazebo_pond_becter
D:7:      layout_loops_cross, chequers_temple_overflow_minitemple,
          minmay_temple_entry_statues_pillars, gammafunk_ghost_necromancy,
          serial_shops, nicolae_shop_stone, nicolae_shop_advertising_works
          [nicolae_subvault_shop_adworks]
D:8:      layout_basic, serial_shops, nicolae_shop_waterfront,
          minmay_misc_feat_tower, dreamdust_princess_bridge
D:9:      layout_roguey, gammafunk_ghost_abyssal_escape, st_stairs_6,
          corexii_checkpoint_a, david_defended_altar_orc, uniq_psyche
D:10:     layout_rooms
D:11:     layout_irregular_city, lair_entry_dummy, minivault_20,
          minmay_librarian
D:12:     layout_loops_cross, david_orc_2, gauntlet_entry_generic
D:13:     layout_small_grid, ximxim_vaults_locker_room, hellmonk_ghost_big_iron
D:14:     layout_stronghold, chequers_garden
D:15:     grunt_enter_depths_magical_seal, layout_rooms, minivault_24,
          portal_ice_cave_entry_pillars_2, roderic_serpentine_path
Lair:1:   layout_long_grid, grunt_megastairs_5, lemuel_fruit_tree
Lair:2:   layout_misc_corridors, minmay_swamp_entry_eels,
          chequers_serial_rivers_small_b, lemuel_fruit_fields,
          grunt_megastairs_3
Lair:3:   layout_layer_cave, dummy_spider_entry
Lair:4:   layout_regular_city, ebering_ghost_xom, worms_lemuel
Lair:5:   guppyfry_lair_end_dragon, layout_misc_corridors,
          hangedman_lair_caniforms_friends, nicolae_slime_entry_slimehenge,
          serial_bayou_pond_d
Orc:1:    layout_caves, hellmonk_ghost_happy_afterlife, serial_shops,
          nicolae_shop_hallway_stairs, guppyfry_library_mini, uniq_fannar,
          uniq_sonja
Orc:2:    st_orc_open, layout_caves, serial_shops, shop
IceCv:    ice_cave_caverns_02

Skill      XL: |  1  2  3  4  5  6  7  8  9 10 11 12 13 14 15 16 |
---------------+-------------------------------------------------+-----
Earth Magic    | 4 5 6 7 9 10 11 | 11.0
Spellcasting   | 3 4 5 6 7 9 10 11 | 11.1
Fighting       | 2 3 4 9 10 11 13 | 13.4
Armour         | 2 3 4 6 |  6.0
Conjurations   | 2 5 6 8 |  8.5
Axes           | 3 6 8 10 11 13 | 13.3
Shields        | 5 7 8 9 |  9.5
Poison Magic   | 3 7 8 |  8.9
Necromancy     | 2 5 6 |  6.0
Dodging        | |  1.5
Stealth        | |  2.1
Transmutations | |  0.7

Action                   |  1- 3 |  4- 6 |  7- 9 | 10-12 | 13-15 | 16-18 || total
-------------------------+-------+-------+-------+-------+-------+-------++-------
Melee: Unarmed           |     1 |       |       |       |       |       ||     1
       Dagger            |    10 |    35 |    95 |       |       |       ||   140
       Club              |     2 |       |       |       |       |       ||     2
       Broad axe         |       |       |    69 |   262 |   574 |   109 ||  1014
Throw: Stone             |       |     4 |     2 |       |     1 |     1 ||     8
 Cast: Sandblast         |    38 |    83 |    98 |       |       |       ||   219
       Stone Arrow       |       |       |    23 |   120 |   297 |    68 ||   508
       Poisonous Vapours |       |       |       |    95 |   170 |    24 ||   289
       Olgreb's Toxic Ra |       |       |       |    31 |    98 |    16 ||   145
       Mephitic Cloud    |       |       |       |     5 |    10 |     1 ||    16
       Static Discharge  |       |       |       |       |    23 |       ||    23
       Freezing Cloud    |       |       |       |       |     2 |       ||     2
       Borgnjor's Vile C |       |       |       |       |       |     1 ||     1
Evoke: Wand              |       |       |     1 |       |     5 |       ||     6
  Use: Scroll            |       |       |    20 |     4 |    10 |     1 ||    35
       Potion            |       |       |     1 |     1 |     8 |       ||    10
 Stab: Confused          |       |       |       |       |     4 |       ||     4
       Distracted        |       |       |       |       |     1 |       ||     1
       Sleeping          |       |       |       |       |       |     1 ||     1
Armor: Robe              |     6 |    10 |       |       |       |       ||    16
       Ring mail         |       |     8 |   152 |   135 |   187 |       ||   482
       Scale mail        |       |       |       |       |    79 |       ||    79
       Steam dragon scal |       |       |       |       |   113 |    50 ||   163
Dodge: Dodged            |    13 |    25 |   111 |   123 |   281 |    40 ||   593
Block: Buckler           |       |       |    44 |   165 |   398 |       ||   607
       Other             |       |       |     5 |       |       |       ||     5
       Reflection        |       |       |       |     9 |    20 |     4 ||    33
       Kite shield       |       |       |       |       |     5 |   101 ||   106

Table legend: (Time is in decaauts)
 A = Elapsed time spent in this place.
 B = Non-inter-level travel time spent in this place.
 C = Inter-level travel time spent in this place.
 D = Time resting spent in this place.
 E = Time spent auto-exploring this place.
 F = Levels seen in this place.
 G = Mean time per level.
                   A        B        C        D        E       F      G
               +--------+--------+--------+--------+--------+-----+--------+
         Total |  37443 |  35604 |   1839 |  10953 |  17550 |  24 | 1560.1 |
       Dungeon |  20372 |  19136 |   1236 |   4232 |  11260 |  15 | 1358.1 |
          Lair |  11642 |  11147 |    495 |   4401 |   4576 |   5 | 2328.4 |
  Orcish Mines |   4121 |   4013 |    108 |   2069 |   1178 |   2 | 2060.5 |
      Ice Cave |    411 |    411 |      0 |    222 |      4 |   1 |  411.0 |
      Gauntlet |    896 |    896 |      0 |     29 |    532 |   1 |  896.0 |
               +--------+--------+--------+--------+--------+-----+--------+

Top non-repeatable levels by time:
   Orc:1: 3043 daAuts
  Lair:5: 2936 daAuts
  Lair:4: 2820 daAuts
     D:9: 2432 daAuts
  Lair:3: 2333 daAuts
  Lair:1: 2245 daAuts
    D:13: 1972 daAuts
     D:7: 1940 daAuts
    D:12: 1709 daAuts
     D:6: 1486 daAuts
    D:11: 1447 daAuts
     D:3: 1387 daAuts
    D:14: 1380 daAuts
  Lair:2: 1306 daAuts
     D:8: 1262 daAuts
